 Dungeon Crawl Stone Soup version 0.30-a0-51-g784eafce7f (webtiles) character file.

Game seed: 1700994895564890539

23 omnomnOMINOUS the Sneak (level 3, -4/25 HPs)
             Began as an Octopode Wanderer on Sept 6, 2022.
             Was an Initiate of Gozag.
             Slain by a gnoll
             ... wielding a +0 flail
              (12 damage)
             ... on level 1 of the Dungeon.
             The game lasted 00:01:59 (263 turns).

omnomnOMINOUS the Sneak (Octopode Wanderer)          Turns: 263, Time: 00:02:00

Health: -4/25      AC:  1    Str: 10    XL:     3   Next: 0%
Magic:  4/4        EV: 12    Int: 14    God:    Gozag
Gold:   25         SH:  4    Dex: 14    Spells: 3/3 levels left

rFire   . . .      SeeInvis .    a - +2 dagger
rCold   . . .      Faith    .    d - +0 buckler
rNeg    . . .      Spirit   .    (helmet restricted)
rPois   .          Reflect  .    (no amulet)
rElec   .          Harm     .    (no ring)
rCorr   .          Rampage  .    (no ring)
Will    .....                    (no ring)
Stlth   ++++......               (no ring)
HPRegen 0.08/turn                (no ring)
MPRegen 0.09/turn                (no ring)
                                 (no ring)
                                 (no ring)

@: gold aura
A: almost no armour, amphibious, 8 rings, camouflage 1, gelatinous body 1,
(nimble swimmer 1), tentacles
a: Renounce Religion, Potion Petition, Call Merchant, Bribe Branch


You were on level 1 of the Dungeon.
You worshipped Gozag.
Gozag was noncommittal.
You visited 1 branch of the dungeon, and saw 1 of its levels.

You collected 25 gold pieces.

Inventory:

Hand Weapons
 a - a +2 dagger (weapon)
 c - a +0 short sword
Armour
 d - a +0 buckler (worn)
Scrolls
 b - a scroll of blinking
 f - a scroll of brand weapon {unknown}
 j - a scroll of acquirement {unknown}
 k - a scroll of immolation {unknown}
Potions
 e - a potion of mutation
 g - a potion of lignification {unknown}
 h - a potion of attraction {unknown}
 i - a potion of berserk rage {unknown}


   Skills:
 + Level 2.3 Fighting
 - Level 2.0 Short Blades
 + Level 1.1 Dodging
 - Level 5.3 Stealth
 + Level 2.3 Shields
 + Level 0.9 Spellcasting


You had 3 spell levels left.
You didn't know any spells.
Your spell library was empty.

Dungeon Overview and Level Annotations

Branches:
Dungeon (1/15)

Altars:
Gozag


Innate Abilities, Weirdness & Mutations

You cannot wear most types of armour.
You are amphibious.
You can wear up to eight rings at the same time.
Your skin changes colour to match your surroundings (Stealth+).
Your rubbery body absorbs attacks. (AC +1, EV +1)
((You are camouflaged when in or above water. (Stealth+)))
You have tentacles for arms and can constrict up to eight enemies at once.


Message History

You hit the gnoll but do no damage. Your grab misses the gnoll.
You squeeze the gnoll.
The gnoll is moderately wounded.
You block the bat's attack. The jackal closely misses you.
The gnoll hits you with a +0 flail.
You don't know any spells.
Okay, then.
The jackal attacks as you move away! The jackal misses you.
You block the bat's attack. The jackal barely misses you.
The jackal attacks as you move away! The jackal misses you.
The bat hits you but does no damage. The gnoll attacks as you move away!
You block the gnoll's attack. The gnoll attacks as you move away!
You block the gnoll's attack.
The jackal is no longer distracted by gold.
The frilled lizard bites you. You block the bat's attack.
The jackal bites you but does no damage.
The bat attacks as you move away! The bat closely misses you.
The bat barely misses you. The jackal bites you.
You hit the jackal but do no damage. You grab the jackal.
You constrict the jackal. You block the jackal's attack. The jackal bites you.
* * * LOW HITPOINT WARNING * * *
You hit the jackal. You squeeze the jackal.
You kill the jackal!
You hit the frilled lizard. Your grab misses the frilled lizard.
Your squeeze misses the frilled lizard.
The frilled lizard is heavily wounded.
The frilled lizard barely misses you.
You hit the frilled lizard.
You kill the frilled lizard!
The bat barely misses you.
You have reached level 3!
Your experience leads to an increase in your attributes!
Increase (S)trength, (I)ntelligence, or (D)exterity?
You feel clever. x2
You completely miss the gnoll. Your grab misses the gnoll.
The gnoll is lightly wounded.
The gnoll hits you with a +0 flail!
You die...
Your body crumbles into a pile of gold.

.. ###........ ...
#.......#
....###.....$.#
#.....$......#
#.###$.......# #.
#b$......## #.#
#lg..........
#..##.##########..
#.@#..# #.##
##.gb.### ##.#..
###....# ##..#.#
##.#.#####..#...
#..........#....
#............~.~
#......)....~###
#...........#~8~
#........####.~#


You could see a gnoll and a bat.

Vanquished Creatures
  2 endoplasms (D:1)
  A giant cockroach (D:1)
  A goblin (D:1)
  3 hobgoblins (D:1)
  2 jackals (D:1)
  A kobold (D:1)
  2 quokkas (D:1)
  4 bats (D:1)
  A frilled lizard (D:1)
  3 rats (D:1)
  A spectral kobold (D:1)
21 creatures vanquished.

Notes
Turn   | Place    | Note
-------+----------+-------------------------------------------
     0 | D:1      | omnomnOMINOUS the Octopode Wanderer began the quest for the
                  | Orb.
     0 | D:1      | omnomnOMINOUS set off with the following items: a +2
                  | dagger, a scroll of blinking, a +0 short sword, a +0
                  | buckler, a potion of mutation.
     0 | D:1      | Reached XP level 1. HP: 14/14 MP: 1/1
    51 | D:1      | Reached XP level 2. HP: 19/19 MP: 2/2
   169 | D:1      | Found a faded altar of an unknown god.
   179 | D:1      | Prayed at the altar of an unknown god.
   179 | D:1      | Became a worshipper of Gozag Ym Sagoz the Greedy
   208 | D:1      | Reached skill level 1 in Dodging
   263 | D:1      | Reached XP level 3. HP: 8/25 MP: 4/4
   263 | D:1      | Slain by a gnoll

Illustrated notes

Levels and vault maps discovered:
D:1:      amcnicky_arrival_wind_blow, layout_rooms,
          dreamdust_ecumenical_altar_drowned_temple

Skill      XL: |  1  2 |
---------------+-------+-----
Dodging        | 1 |  1.1
Fighting       | |  2.3
Short Blades   | |  2.0
Stealth        | |  5.3
Shields        | |  2.3
Spellcasting   | |  0.9

Action                   || total
-------------------------++-------
Melee: Dagger            ||    33
       Tentacles         ||     9
       Constrict         ||     5
       Punch             ||     1
 Stab: Sleeping          ||    12
Armor: Skin              ||     2
Dodge: Dodged            ||    16
Block: Buckler           ||     8

Table legend: (Time is in decaauts)
 A = Elapsed time spent in this place.
 B = Non-inter-level travel time spent in this place.
 C = Inter-level travel time spent in this place.
 D = Time resting spent in this place.
 E = Time spent auto-exploring this place.
 F = Levels seen in this place.
 G = Mean time per level.
                   A        B        C        D        E       F      G
               +--------+--------+--------+--------+--------+-----+--------+
         Total |    261 |    261 |      0 |      0 |    144 |   1 |  261.0 |
       Dungeon |    261 |    261 |      0 |      0 |    144 |   1 |  261.0 |
               +--------+--------+--------+--------+--------+-----+--------+

Top non-repeatable levels by time:
     D:1: 261 daAuts
